 Dungeon Crawl Stone Soup version 0.16.3-4-gc506b73efe (webtiles) character file.

16600 faibistes the Thaumaturge (level 12, -1/59 HPs)
             Began as a Deep Elf Wizard on Jan 24, 2024.
             Was a High Priest of Sif Muna.
             Slain by Maud
             ... wielding a +0 demon trident of venom
              (20 damage)
             ... on level 3 of the Lair of Beasts.
             The game lasted 00:54:28 (17279 turns).

faibistes the Thaumaturge (Deep Elf Wizard)        Turns: 17279, Time: 00:54:28

Health: -1/59      AC:  6    Str:  4    XL:     12   Next: 11%
Magic:  16/35      EV: 18    Int: 29    God:    Sif Muna [*****.]
Gold:   389        SH:  0    Dex: 15    Spells: 6 memorised, 25 levels left

rFire  + + .     SeeInvis .     H - +6 scimitar of Flaming Death {flame, rPois rF++ rC- MR+}
rCold  x . .     Clarity  .     a - +0 robe
rNeg   . . .     SustAb   .     (no shield)
rPois  +         Gourm    .     b - +0 hat
rElec  .         Spirit   .     n - +1 cloak
rCorr  .         Warding  .     (no gloves)
rMut   .         Stasis   .     y - +0 pair of boots
MR     ++...                    (no amulet)
Stlth  ++........               B - +2 ring of dexterity
                                w - +1 ring of protection

@: repel missiles, very resistant to hostile enchantments, unstealthy
A: no striking features
a: Channel Energy, Forget Spell, Renounce Religion


You were on level 3 of the Lair of Beasts.
You worshipped Sif Muna.
Sif Muna was extremely pleased with you.
You were not hungry.

You visited 3 branches of the dungeon, and saw 16 of its levels.
You also visited: Sewer.

You collected 539 gold pieces.
You spent 150 gold pieces at shops.

Inventory:

Hand weapons
 h - a +4 dagger of draining
 H - the +6 scimitar of Flaming Death (weapon) {flame, rPois rF++ rC- MR+}
   (You found it on level 7 of the Dungeon)

   It has been specially enchanted to burn those struck by it, causing extra
   injury to most foes and up to half again as much damage against particularly
   susceptible opponents.
   Big, fiery blades are also staple armaments of hydra-hunters.
   It greatly protects you from fire.
   It makes you vulnerable to cold.
   It protects you from poison.
   It affects your resistance to hostile enchantments.
Armour
 a - a +0 robe (worn)
 b - a +0 hat (worn)
 n - a +1 cloak (worn)
 y - a +0 pair of boots (worn)
Jewellery
 w - a +1 ring of protection (left hand)
 B - a +2 ring of dexterity (right hand)
 F - an uncursed ring of see invisible
Magical devices
 f - a wand of lightning (7)
 J - a wand of digging (15)
 L - a wand of disintegration (11)
 M - a wand of cold (11)
 T - a wand of cold (4)
Scrolls
 p - 3 scrolls of teleportation
 u - 4 scrolls of fog
 C - 6 scrolls of fear
 G - a scroll of magic mapping
 I - a scroll of remove curse
Potions
 g - a potion of heal wounds
 m - 3 potions of haste
 o - 4 potions of might
 q - 2 potions of curing
 r - a potion of flight {unknown}
 v - 2 potions of brilliance
 x - 2 potions of resistance
 z - 3 potions of magic
 A - a potion of mutation {unknown}
 K - a potion of invisibility {unknown}
 P - a potion of cure mutation {unknown}
 Q - a potion of ambrosia {unknown}
 R - 2 potions of agility {unknown}
Comestibles
 c - 8 poisonous chunks of flesh
 d - 14 bread rations
 i - 2 chunks of flesh
 j - 9 meat rations
 k - 11 fruits
 s - 2 royal jellies
 O - 7 beef jerkies


   Skills:
 + Level 9.1 Dodging
 - Level 2.4 Stealth
 * Level 13.5 Spellcasting
 * Level 8.6 Conjurations
 - Level 1.1 Summonings
 - Level 3.4 Translocations
 * Level 8.5 Fire Magic
 - Level 3.9 Air Magic
 - Level 3.2 Poison Magic
 * Level 8.2 Invocations
 + Level 6.2 Evocations


You had 25 spell levels left.
You knew the following spells:

 Your Spells              Type           Power        Failure   Level  Hunger
a - Magic Dart            Conj           ####         1%          1    None
b - Conjure Flame         Conj/Fire      ######..     1%          3    None
c - Call Imp              Summ           ####....     2%          2    None
d - Blink                 Tloc           N/A          1%          2    None
e - Mephitic Cloud        Conj/Pois/Air  ######..     1%          3    None
f - Repel Missiles        Chrm/Air       ####..       1%          2    None


Dungeon Overview and Level Annotations

Branches:
Dungeon (10/15)            Temple (1/1) D:4            Lair (5/8) D:9
  Swamp: Lair:3-6    Shoals: Lair:3-6     Snake: Lair:3-6    Spider: Lair:3-6
    Orc: D:9-12

Altars:
Ashenzari
Cheibriados
Dithmenos
Elyvilon
Fedhas
Gozag
Kikubaaqudgha
Makhleb
Nemelex Xobeh
Okawaru
Qazlal
Ru
Sif Muna
Trog
Vehumet
Xom
Yredelemnul
Zin
The Shining One

Shops:
D:6 =

Annotations:
Lair:3 Maud


Message History

* * * LOW HITPOINT WARNING * * *
You are lethally poisoned!
Drink which item? (? for menu, Esc to quit)
You feel better.
Maud is engulfed in roaring flames.
Casting: Conjure Flame
Confirm with . or Enter, or press ? or * to list all spells.
Aiming: Conjure Flame
Press: ? - help, Dir - move target cursor The fire roars!
Maud is engulfed in roaring flames.
Maud hits you from afar with a demon trident of venom!
Unknown command.
Maud is engulfed in roaring flames.
Casting: Conjure Flame
Confirm with . or Enter, or press ? or * to list all spells.
Aiming: Conjure Flame
Press: ? - help, Dir - move target cursor The fire roars!
Maud is engulfed in roaring flames.
Maud hits you from afar with a demon trident of venom!!
You die...

.......# #......... ......#
#.......... ......# #...........
# .....## ### #...........###
....<.# ###.####..........##.
......#######....#..#.........#..
..................###............
.................................
................@...≈P...........
................§...≈≈...........
...PP...........@..♣♣♣P..........
...P............§...♣≈≈..........
..P.............§....≈...[.......
................§................
................§................
...............#.................
.......#.##...##.................


You could see Maud.

Vanquished Creatures
  A hydra (Lair:3)
  Erica (Lair:1)
  The ghost of BongwizSwagnificent the Placeless Octopus, a powerful OpWz of Sif Muna (Lair:2)
  Nergalle (Lair:3)
  A griffon (Lair:2)
  A black mamba (Lair:2)
  An elephant (D:9)
  6 spiny frogs
  A fire drake (Lair:3)
  A komodo dragon (Lair:2)
  2 polar bears (Lair:2)
  A two-headed ogre (D:9)
  4 blink frogs (Lair:1)
  12 yaks
  3 hippogriffs
  A wyvern (D:9)
  A hungry ghost (D:7)
  3 porcupines
  2 nagas (Lair:3)
  4 orc warriors
  6 water moccasins
  2 ice beasts
  2 black bears
  2 ogres
  13 big kobolds
  4 crocodiles
  5 centaurs
  8 giant frogs
  5 scorpions
  5 jellies
  5 killer bees (D:6)
  11 wights
  A centaur zombie (D:8)
  3 goliath beetles
  2 crimson imps
  2 electric eels (Lair:2)
  8 hounds
  A centaur skeleton (D:8)
  6 orc priests
  A quasit (D:8)
  4 giant frog skeletons
  A killer bee zombie (D:8)
  9 iguanas
  7 worker ants
  8 sheep
  2 orc wizards
  Ijyb (D:6)
  A hound skeleton (D:9)
  A hound zombie (D:7)
  25 river rats
  21 adders
  4 shadow imps
  A giant mite (D:9)
  3 worms
  An adder skeleton (D:5)
  An adder zombie (D:9)
  4 giant geckos
  4 oozes
  37 orcs
  5 ball pythons
  14 bats
  A bat skeleton (D:4)
  3 giant cockroaches
  11 hobgoblins
  4 jackals (D:3)
  9 quokkas
  A giant gecko zombie (D:6)
  5 giant newts
  A giant spore (D:8)
  15 goblins
  38 kobolds
  An orc zombie (D:7)
  A quokka skeleton (D:9)
  16 rats
400 creatures vanquished.

Vanquished Creatures (collateral kills)
  An orc (D:6)
  3 giant cockroaches (D:5)
  A butterfly (D:5)
5 creatures vanquished.

Vanquished Creatures (others)
  A fungus (Lair:4)
  A plant (Lair:1)
2 creatures vanquished.

Grand Total: 407 creatures vanquished

Notes
Turn   | Place    | Note
--------------------------------------------------------------
     0 | D:1      | faibistes, the Deep Elf Wizard, began the quest for the Orb.
     0 | D:1      | Reached XP level 1. HP: 10/10 MP: 6/6
   513 | D:1      | Reached XP level 2. HP: 15/15 MP: 5/10
   571 | D:1      | Learned a level 2 spell: Blink
   574 | D:1      | Learned a level 2 spell: Call Imp
   735 | D:1      | Reached skill level 5 in Spellcasting
  1160 | D:2      | Reached XP level 3. HP: 19/19 MP: 12/14
  1165 | D:2      | Learned a level 3 spell: Conjure Flame
  1169 | D:2      | Learned a level 3 spell: Mephitic Cloud
  2185 | D:3      | Reached XP level 4. HP: 24/24 MP: 15/17
  2222 | D:3      | Learned a level 2 spell: Repel Missiles
  2611 | D:3      | Noticed an orc priest
  2986 | D:3      | Killed an orc priest
  2986 | D:3      | Reached skill level 6 in Spellcasting
  3469 | D:4      | Reached XP level 5. HP: 28/28 MP: 10/20
  3550 | D:5      | Entered Level 5 of the Dungeon
  3702 | D:5      | Found a shimmering altar of Xom.
  3707 | D:5      | Noticed a centaur
  3714 | D:5      | Killed a centaur
  3819 | D:5      | Reached XP level 6. HP: 26/32 MP: 17/22
  3876 | D:5      | Found a glowing drain.
  3931 | Sewer    | Entered a sewer
  3960 | Sewer    | Reached skill level 7 in Spellcasting
  4336 | Sewer    | Reached XP level 7. HP: 36/36 MP: 6/25
  4776 | Sewer    | Reached skill level 8 in Spellcasting
  4776 | Sewer    | Reached skill level 1 in Air Magic
  4776 | Sewer    | Reached skill level 1 in Poison Magic
  5718 | D:4      | Found a staircase to the Ecumenical Temple.
  5728 | Temple   | Entered the Ecumenical Temple
  5811 | Temple   | Became a worshipper of Sif Muna the Loreminder
  6199 | D:5      | Noticed a centaur
  6214 | D:5      | Killed a centaur
  6214 | D:5      | Reached skill level 5 in Dodging
  6214 | D:5      | Reached XP level 8. HP: 41/41 MP: 14/27
  6330 | D:6      | Noticed Ijyb
  6340 | D:6      | Killed Ijyb
  6566 | D:6      | Reached skill level 5 in Conjurations
  6669 | D:6      | Reached skill level 9 in Spellcasting
  7078 | D:6      | Acquired Sif Muna's first power
  7661 | D:6      | Reached skill level 1 in Evocations
  7664 | D:6      | Reached skill level 1 in Fire Magic
  7664 | D:6      | Reached XP level 9. HP: 40/45 MP: 15/30
  7672 | D:6      | Reached skill level 10 in Spellcasting
  7840 | D:6      | Found Kloehu's Jewellery Shop.
  7846 | D:6      | Reached skill level 1 in Invocations
  7965 | D:6      | Bought an uncursed ring of see invisible for 150 gold pieces
  8111 | D:6      | Found a shattered altar of Ashenzari.
  8596 | D:7      | Acquired Sif Muna's second power
  9987 | D:8      | Reached skill level 11 in Spellcasting
  9987 | D:8      | Reached XP level 10. HP: 37/50 MP: 3/32
 10736 | D:8      | Reached skill level 5 in Fire Magic
 10797 | D:10     | Entered Level 10 of the Dungeon
 11657 | D:9      | Reached skill level 5 in Invocations
 11752 | D:9      | Found a sparkling altar of Nemelex Xobeh.
 12012 | D:9      | Found a staircase to the Lair.
 12013 | D:9      | Noticed an elephant
 12029 | D:9      | Killed an elephant
 12955 | Lair:1   | Entered Level 1 of the Lair of Beasts
 13141 | Lair:1   | Reached skill level 5 in Evocations
 13143 | Lair:1   | Reached skill level 12 in Spellcasting
 13382 | Lair:1   | Acquired Sif Muna's third power
 13382 | Lair:1   | Reached XP level 11. HP: 54/54 MP: 8/34
 14030 | Lair:1   | Noticed Erica
 14059 | Lair:1   | Killed Erica
 14805 | Lair:3   | Noticed Nergalle
 14909 | Lair:3   | Killed Nergalle
 15462 | Lair:3   | Reached skill level 13 in Spellcasting
 16428 | Lair:2   | Noticed BongwizSwagnificent's ghost (powerful OpWz)
 16440 | Lair:2   | Killed BongwizSwagnificent's ghost
 16440 | Lair:2   | Reached XP level 12. HP: 49/59 MP: 24/35
 17045 | Lair:3   | Noticed Maud
 17061 | Lair:3   | Noticed a four-headed hydra
 17079 | Lair:3   | Killed a four-headed hydra
 17279 | Lair:3   | Slain by Maud

Action                   |  1- 3 |  4- 6 |  7- 9 | 10-12 || total
-------------------------+-------+-------+-------+-------++-------
Melee: Dagger            |       |     4 |    11 |       ||    15
       Scimitar          |       |       |    34 |   181 ||   215
 Cast: Magic Dart        |   101 |   162 |   456 |   435 ||  1154
       Mephitic Cloud    |       |    10 |    40 |    54 ||   104
       Repel Missiles    |       |     3 |     1 |     2 ||     6
       Call Imp          |       |     3 |       |       ||     3
       Conjure Flame     |       |       |    35 |    82 ||   117
       Blink             |       |       |     1 |     4 ||     5
Invok: Channel Energy    |       |       |    11 |     5 ||    16
Evoke: Wand              |       |       |       |     1 ||     1
  Use: Scroll            |       |     8 |     6 |     8 ||    22
       Potion            |       |       |       |     3 ||     3
 Stab: Confused          |       |       |     4 |     6 ||    10
       Sleeping          |       |       |       |     2 ||     2
       Fleeing           |       |       |       |     1 ||     1
  Eat: Chunk             |     4 |     6 |    19 |    20 ||    49
       Fruit             |       |       |       |     4 ||     4
